 Dungeon Crawl Stone Soup version 0.30-a0-718-geaa24f58ff (webtiles) character file.

Game seed: 18010651556359349318

174 RapScallion the Chopper (level 5, -3/48 HPs)
             Began as a Hill Orc Fighter on Jan 26, 2023.
             Slain by Grinder (7 damage)
             ... on level 3 of the Dungeon.
             The game lasted 00:12:42 (2109 turns).

RapScallion the Chopper (Hill Orc Fighter)          Turns: 2109, Time: 00:12:43

Health: -3/48      AC:  8    Str: 21    XL:     5   Next: 54%
Magic:  5/5        EV:  9    Int:  8    God:
Gold:   117        SH:  4    Dex: 10    Spells: 4/4 levels left

rFire   . . .      SeeInvis .    a - +0 war axe
rCold   . . .      Faith    .    c - +0 buckler
rNeg    + . .      Spirit   .    b - +0 scale mail
rPois   .          Reflect  .    (no helmet)
rElec   .          Harm     .    i - +0 cloak
rCorr   .          Rampage  .    (no gloves)
Will    .....                    (no boots) Stlth
                                 s - amulet of regeneration
HPRegen 1.08/turn                l - ring of positive energy
MPRegen 0.09/turn                (no ring)

@: no status effects
A: no striking features
a: Convert to Beogh


You were on level 3 of the Dungeon.
You visited 1 branch of the dungeon, and saw 3 of its levels.

You collected 117 gold pieces.

Inventory:

Hand Weapons
 a - a +0 war axe (weapon)
 g - a +1 whip of venom
Missiles
 p - 3 throwing nets
Armour
 b - a +0 scale mail (worn)
 c - a +0 buckler (worn)
 i - a +0 cloak (worn)
Jewellery
 k - a ring of ice
 l - a ring of positive energy (left hand)
 s - an amulet of regeneration (around neck)
 u - a ring of see invisible
Wands
 d - a wand of roots (8)
Scrolls
 e - 3 scrolls of vulnerability (quivered) {unknown}
 f - 3 scrolls of identify
 n - a scroll of noise {unknown}
 o - 2 scrolls of enchant armour {unknown}
 q - a scroll of brand weapon {unknown}
 t - a scroll of blinking {unknown}
 v - a scroll of fog {unknown}
Potions
 h - a potion of ambrosia
 j - a potion of flight {unknown}
 m - a potion of mutation {unknown}
 r - a potion of haste {unknown}


   Skills:
 - Level 5.0 Fighting
 + Level 6.3 Axes
 - Level 3.2 Armour
 - Level 3.2 Shields


You had 4 spell levels left.
You didn't know any spells.
Your spell library contained the following spells:

 Spells                   Type           Power      Damage    Failure   Level
 Ensorcelled Hibernation  Hex/Ice        0%         N/A       93%         2
 Gell's Gravitas          Tloc           0%         N/A       99%         3
 Spider Form              Tmut/Pois      0%         N/A       99%         3
 Teleport Other           Tloc           0%         N/A       99%         3
 Anguish                  Hex/Necr       0%         N/A       100%        4
 Dispersal                Tloc           0%         N/A       100%        6


Dungeon Overview and Level Annotations

Branches:
Dungeon (3/15)

Altars:

Annotations:
D:3 Grinder


Message History

The orc priest attacks as you move away!
The orc priest closely misses you.
Things that are here:
a +0 dagger; a goblin corpse You bump into the rock wall.
The orc priest hits you but does no damage.
Grinder comes into view.
You are too confused!
The orc priest attacks as you move away!
The orc priest hits you with a +0 whip.
The orc priest invokes the aid of Beogh against you.
Beogh smites you!
* * * LOW HITPOINT WARNING * * *
You see here a +0 club.
You're too confused to move!
Grinder gestures at you.
You suddenly lose the ability to move!
The orc priest hits you with a +0 whip.
* * * LOW HITPOINT WARNING * * *
Grinder blinks!
Grinder hits you!
* * * LOW HITPOINT WARNING * * *
The orc priest hits you but does no damage.
You can move again.
You bump into the rock wall.
The orc priest invokes the aid of Beogh against you.
Pain shoots through your body!
* * * LOW HITPOINT WARNING * * *
Grinder hits you.
* * * LOW HITPOINT WARNING * * *
You writhe in agony.
* * * LOW HITPOINT WARNING * * *
Unknown command.
You hit the orc priest but do no damage.
You hit Grinder.
You feel less confused. The orc priest hits you with a +0 whip.
* * * LOW HITPOINT WARNING * * *
Grinder hits you!
You die...

###........#
#..........#
######..........#
............###.#
###..#...........#
#................#
..##...###...##..#
#.#5#?#.#.# .#
#.@o#.#...# #
#.....###{Ko###.
#...# #.#w# .# #..
.#. .# # .# #) ..
.# #. .. #. #. ##
. ## #


You could see Grinder, an orc priest, a dart slug, an orc and a kobold.

Vanquished Creatures
  Terence (D:2)
  3 adders
  3 gnolls (D:2)
  3 worms
  4 dart slugs
  6 orcs
  6 bats
  4 endoplasms
  4 giant cockroaches (D:1)
  9 goblins
  7 hobgoblins
  3 quokkas
  3 ball pythons
  A frilled lizard (D:2)
  5 kobolds
  5 rats
67 creatures vanquished.

Notes
Turn   | Place    | Note
-------+----------+-------------------------------------------
     0 | D:1      | RapScallion the Hill Orc Fighter began the quest for the
                  | Orb.
     0 | D:1      | Reached XP level 1. HP: 19/19 MP: 1/1
    69 | D:1      | Reached skill level 3 in Axes
   118 | D:1      | Reached XP level 2. HP: 27/27 MP: 2/2
   329 | D:1      | Reached XP level 3. HP: 32/34 MP: 3/3
   692 | D:1      | Reached skill level 4 in Axes
  1111 | D:2      | Reached XP level 4. HP: 38/41 MP: 4/4
  1131 | D:2      | Reached skill level 5 in Axes
  1520 | D:2      | Noticed Terence
  1531 | D:2      | Killed Terence
  1532 | D:2      | Reached XP level 5. HP: 45/47 MP: 5/5
  1775 | D:2      | Reached skill level 6 in Axes
  1855 | D:3      | Found a faded altar of an unknown god.
  2000 | D:3      | Reached skill level 5 in Fighting
  2103 | D:3      | Noticed Grinder
  2105 | D:3      | Paralysed by Grinder for 3 turns
  2109 | D:3      | Slain by Grinder

Illustrated notes

Levels and vault maps discovered:
D:1:      ncdulo_lavacross, layout_basic
D:2:      layout_rooms, uniq_terence
D:3:      layout_basic, hellmonk_ecumenical_altar_zigzags, minmay_liquid_box,
          minmay_starry_boxes, uniq_grinder

Skill      XL: |  1  2  3  4  5 |
---------------+----------------+-----
Fighting       | 4 5 |  5.0
Axes           | 3 4 5 6 |  6.3
Armour         | |  3.2
Shields        | |  3.2

Action                     |  1- 3 |  4- 6 || total
---------------------------+-------+-------++-------
  Melee: War axe           |    87 |    75 ||   162
    Use: Potion            |       |     1 ||     1
         Scroll            |       |     1 ||     1
 Armour: Scale mail        |    41 |    39 ||    80
  Dodge: Dodged            |    56 |    43 ||    99
  Block: Buckler           |    24 |    23 ||    47

Table legend: (Time is in decaauts)
 A = Elapsed time spent in this place.
 B = Non-inter-level travel time spent in this place.
 C = Inter-level travel time spent in this place.
 D = Time resting spent in this place.
 E = Time spent auto-exploring this place.
 F = Levels seen in this place.
 G = Mean time per level.
                   A        B        C        D        E       F      G
               +--------+--------+--------+--------+--------+-----+--------+
         Total |   2161 |   2031 |    130 |    392 |    120 |   3 |  720.3 |
       Dungeon |   2161 |   2031 |    130 |    392 |    120 |   3 |  720.3 |
               +--------+--------+--------+--------+--------+-----+--------+

Top non-repeatable levels by time:
     D:1: 1079 daAuts
     D:2: 753 daAuts
     D:3: 327 daAuts
